 Dungeon Crawl Stone Soup version 0.30-a0-1116-gebefce21f7 (webtiles) character file.

Game seed: 13971158414385034220

142 subawu the Covered (level 5, 0/48 HPs)
             Began as an Armataur Fighter on Apr 21, 2023.
             Slain by an orc
             ... wielding a +0 flail
              (5 damage)
             ... on level 3 of the Dungeon.
             The game lasted 00:16:10 (3249 turns).

subawu the Covered (Armataur Fighter)               Turns: 3249, Time: 00:16:11

Health: 0/48       AC:  7    Str: 23    XL:     5   Next: 4%
Magic:  5/5        EV:  7    Int:  8    God:
Gold:   201        SH:  4    Dex: 10    Spells: 4/4 levels left

rFire   . . .      SeeInvis .    G - +5 whip (drain)
rCold   . . .      Faith    .    c - +0 buckler
rNeg    . . .      Spirit   .    b - +0 scale mail
rPois   .          Reflect  .    (no helmet)
rElec   .          Roll     +    (no cloak)
rCorr   .                        (no gloves)
Will    .....                    (no barding) Stlth
                                 (no amulet)
HPRegen 0.28/turn                (no ring)
MPRegen 0.09/turn                (no ring)

@: no status effects
A: large, rugged brown scales 3, deformed body, armoured tail, roll, long
tongue, awkward tongue
a: no special abilities


You were on level 3 of the Dungeon.
You visited 1 branch of the dungeon, and saw 3 of its levels.

You collected 201 gold pieces.

Inventory:

Hand Weapons
 a - a +0 war axe
 g - a +0 whip
 l - a +0 short sword
 n - a +0 dagger
 o - a +0 club
 p - a +0 dagger
 q - a +0 dagger
 t - a +0 dagger
 v - a +1 dagger of flaming
 w - a +0 dagger
 A - a +0 dagger of venom
 D - a +0 club
 E - a +0 club
 F - a +0 whip
 G - a +5 whip of draining (weapon)
 H - a +0 mace
Missiles
 m - 29 stones (quivered)
 L - a throwing net
Armour
 b - a +0 scale mail (worn)
 c - a +0 buckler (worn)
 k - a +0 ring mail
 u - a +0 ring mail
 y - a +0 scale mail
Jewellery
 r - a ring of protection from fire
Scrolls
 e - 2 scrolls of magic mapping {unknown}
 f - a scroll of torment {unknown}
 h - a scroll of summoning {unknown}
 z - 2 scrolls of identify {unknown}
 B - a scroll of teleportation {unknown}
 C - 2 scrolls of immolation {unknown}
 J - a scroll of vulnerability {unknown}
Potions
 d - a potion of might
 i - 2 potions of attraction {unknown}
 j - 2 potions of haste {unknown}
 s - 2 potions of brilliance {unknown}
 x - 2 potions of magic {unknown}
 I - a potion of mutation {unknown}
 K - 2 potions of degeneration {unknown}


   Skills:
 + Level 3.3 Fighting
 + Level 2.2(2.3) Axes
 + Level 0.6(1.7) Maces & Flails
 + Level 4.4 Armour
 + Level 1.2 Dodging
 + Level 4.1 Shields


You had 4 spell levels left.
You didn't know any spells.
Your spell library contained the following spells:

 Spells                   Type           Power      Damage    Failure   Level
 Necrotise                Necr           0%         1d4       78%         1
 Summon Small Mammal      Summ           0%         N/A       78%         1
 Call Canine Familiar     Summ           0%         N/A       98%         3
 Dazzling Flash           Conj/Hex       0%         N/A       98%         3
 Summon Guardian Golem    Hex/Summ       0%         N/A       98%         3
 Vampiric Draining        Necr           0%         2d6       98%         3
 Agony                    Necr           0%         N/A       100%        5
 Silence                  Hex/Air        0%         N/A       100%        5


Dungeon Overview and Level Annotations

Branches:
Dungeon (3/15)

Altars:


Innate Abilities, Weirdness & Mutations

You are completely covered in rugged brown scales. (AC +3, +7% HP)
Armour fits poorly on your strangely shaped body.
You have a long armoured tail.
You roll when moving toward enemies. (Rampage)
Your long tongue fully drains potion bottles. (2x potion effects)
Your tongue gives you trouble enunciating. (1.5x scroll delay)


Message History

The orc hits you but does no damage. The orc hits you with a +0 flail!
The orc priest hits you with a +0 club.
You barely miss the orc priest.
The orc priest is moderately wounded.
The orc hits you but does no damage. The orc barely misses you.
The orc priest hits you but does no damage.
You closely miss the orc priest.
The orc priest is moderately wounded.
The orc hits you but does no damage. x2
The orc priest hits you with a +0 club.
You hit the orc priest.
The orc priest is heavily wounded.
The orc hits you with a +0 mace. You block the orc's attack.
The orc priest barely misses you.
You whack the orc priest!
You kill the orc priest!
The orc hits you with a +0 mace. The orc hits you with a +0 flail!
* * * LOW HITPOINT WARNING * * *
Your life force feels restored.
You have reached level 5!
Unknown command.
Things that are here:
a +0 club; a scroll labelled UFAAKHL ZEUS; an orc corpse The orc attacks as you move away!
You block the orc's attack.
You hit the orc.
The orc is severely wounded.
The orc hits you with a +0 mace.
* * * LOW HITPOINT WARNING * * *
You barely miss the orc.
Your tail-slap misses the orc.
The orc is severely wounded.
The orc hits you but does no damage. The orc closely misses you.
You completely miss the orc.
Your tail-slap misses the orc.
The orc is severely wounded.
You block the orc's attack. The orc hits you with a +0 flail.
* * * LOW HITPOINT WARNING * * *
The orc hits you but does no damage. x2
You barely miss the orc.
Your tail-slap misses the orc.
The orc is severely wounded.
You block the orc's attack. The orc hits you with a +0 flail.
You die...

#.# #.#....#
####.# ## #.#.##.#
#..... .. #......#
#.#..# .# #.....##
#.#..##.# #.....##
#.#.....# #.....#
#.#.##..# ##.....#
#.#o##..#.##.....#
#.@o))....########
######.#### #.#
#########
####.####.......#
#.......#.## #.#
#.##.##....####.#
#.##.##..........
#.##.......####.#
#.#####.#..<....#


You could see 2 orcs.

Vanquished Creatures
  An orc priest (D:3)
  4 gnolls (D:2)
  2 adders (D:2)
  A dart slug (D:1)
  An orc (D:3)
  3 ball pythons (D:2)
  An endoplasm (D:2)
  5 giant cockroaches
  7 hobgoblins
  5 quokkas
  9 bats
  2 frilled lizards (D:2)
  5 goblins
  3 kobolds
  4 rats
53 creatures vanquished.

Notes
Turn   | Place    | Note
-------+----------+-------------------------------------------
     0 | D:1      | subawu the Armataur Fighter began the quest for the Orb.
     0 | D:1      | Reached XP level 1. HP: 19/19 MP: 1/1
   451 | D:1      | Reached XP level 2. HP: 24/26 MP: 2/2
   711 | D:1      | Found a faded altar of an unknown god.
  1301 | D:2      | Reached XP level 3. HP: 24/33 MP: 3/3
  2290 | D:2      | Reached XP level 4. HP: 40/40 MP: 4/4
  2299 | D:2      | Reached skill level 1 in Dodging
  3243 | D:3      | Reached XP level 5. HP: 10/48 MP: 5/5
  3249 | D:3      | Slain by an orc

Illustrated notes

Levels and vault maps discovered:
D:1:      erik_arrival_cave_to_civilisation [erik_arrival_cave_to_hall],
          layout_basic, shapermc_ecumenical_altar_totnotflames, minmay_cut_off
D:2:      layout_basic, kennysheep_generic_room_8
D:3:      layout_loops_cross

Skill      XL: |  1  2  3  4 |
---------------+-------------+-----
Fighting       | 3 |  3.3
Armour         | 4 |  4.4
Shields        | 4 |  4.1
Axes           | 2 |  2.2
Dodging        | 1 |  1.2
Maces & Flails | |  0.6

Action                     |  1- 3 |  4- 6 || total
---------------------------+-------+-------++-------
  Melee: War axe           |    84 |       ||    84
         Whip              |     6 |    27 ||    33
         Tailslap          |    18 |     6 ||    24
         Dagger            |    25 |    11 ||    36
 Armour: Scale mail        |   113 |    17 ||   130
  Dodge: Dodged            |    82 |    15 ||    97
  Block: Buckler           |    36 |    11 ||    47

Table legend: (Time is in decaauts)
 A = Elapsed time spent in this place.
 B = Non-inter-level travel time spent in this place.
 C = Inter-level travel time spent in this place.
 D = Time resting spent in this place.
 E = Time spent auto-exploring this place.
 F = Levels seen in this place.
 G = Mean time per level.
                   A        B        C        D        E       F      G
               +--------+--------+--------+--------+--------+-----+--------+
         Total |   3286 |   2609 |    677 |     37 |      0 |   3 | 1095.3 |
       Dungeon |   3286 |   2609 |    677 |     37 |      0 |   3 | 1095.3 |
               +--------+--------+--------+--------+--------+-----+--------+

Top non-repeatable levels by time:
     D:2: 1590 daAuts
     D:1: 1225 daAuts
     D:3: 469 daAuts
